 Dungeon Crawl Stone Soup version 0.30-a0-122-g2a1322497e (webtiles) character file.

Game seed: 3579013258474665482

28488 Pooter the Severer (level 13, -2/177 HPs)
             Began as a Minotaur Berserker on Sept 15, 2022.
             Was an Elder of Trog.
             Slain by a 16-headed hydra (10 damage)
             ... on level 2 of the Lair of Beasts on Sept 16, 2022.
             The game lasted 01:25:55 (15620 turns).

Pooter the Severer (Minotaur Berserker)            Turns: 15620, Time: 01:25:55

Health: -2/177     AC: 17    Str: 30    XL:     13   Next: 10%
Magic:  12/12      EV:  8    Int:  4    God:    Trog [****..]
Gold:   984        SH:  0    Dex: 10    Spells: 12/12 levels left

rFire   . . .      SeeInvis +    a - +4 battleaxe (spect)
rCold   . . .      Faith    .    (shield currently unavailable)
rNeg    . . .      Spirit   .    z - +2 plate armour
rPois   +          Reflect  .    (helmet restricted)
rElec   +          Harm     .    (no cloak)
rCorr   .          Rampage  .    y - +0 pair of gloves of Keas {Regen+ Dex+4}
Will    .....                    g - +2 pair of boots of Haclaed {rElec Str+3}
Stlth   ..........               i - amulet of the acrobat
HPRegen 1.19/turn                B - ring "Calim" {rElec rPois Dex-4 SInv}
MPRegen 0.13/turn                P - ring of poison resistance

@: berserking, very quick
A: horns 2, retaliatory headbutt
a: Renounce Religion, Berserk, Trog's Hand, Brothers in Arms


You were on level 2 of the Lair of Beasts.
You worshipped Trog.
Trog was greatly pleased with you.
You visited 2 branches of the dungeon, and saw 14 of its levels.
You also visited: Bailey.

You collected 1519 gold pieces.
You spent 535 gold pieces at shops.

Inventory:

Hand Weapons
 a - a +4 spectral battleaxe (weapon)
   (You took it off a wight on level 10 of the Dungeon)
 b - a +0 longbow
   (You found it on level 10 of the Dungeon)
 A - a +3 trident of flaming
   (You took it off a gnoll sergeant on level 5 of the Dungeon)
 O - the +1 broad axe "Ultimatum" {vorpal, Int+2 Stlth+}
   (You acquired it in a bailey)

   It inflicts extra damage upon your enemies.
   Int:       It affects your intelligence (+2).
   Stlth:     It makes you more stealthy.
Missiles
 F - 98 poisoned darts (quivered)
 I - 8 curare-tipped darts
 Q - 114 stones
 W - 4 silver javelins
Armour
 c - a +1 kite shield
   (You found it on level 1 of the Dungeon)
 g - the +2 pair of boots of Haclaed (worn) {rElec Str+3}
   (You bought it in a shop on level 6 of the Dungeon)

   Str:       It affects your strength (+3).
   rElec:     It insulates you from electricity.
 y - the +0 pair of gloves of Keas (worn) {Regen+ Dex+4}
   (You acquired it in a bailey)

   Dex:       It affects your dexterity (+4).
   Regen:     It increases your rate of health regeneration.
 z - a +2 plate armour (worn)
   (You took it off a wight on level 8 of the Dungeon)
Jewellery
 i - an amulet of the acrobat (around neck)
   (You found it on level 11 of the Dungeon)
 p - a ring of fire
   (You found it on level 3 of the Dungeon)
 r - a +4 ring of protection
   (You took it off an orc wizard on level 7 of the Dungeon)
 B - the ring "Calim" (left hand) {rElec rPois Dex-4 SInv}
   (You bought it in a shop on level 6 of the Dungeon)

   [ring of poison resistance]

   Dex:       It affects your dexterity (-4).
   rElec:     It insulates you from electricity.
   rPois:     It protects you from poison.
   SInv:      It lets you see invisible.
 L - an amulet of reflection
   (You found it on level 9 of the Dungeon)
 P - a ring of poison resistance (right hand)
   (You found it on level 11 of the Dungeon)
 U - a ring of ice
   (You took it off Fannar on level 11 of the Dungeon)
Wands
 d - a wand of iceblast (7)
   (You found it on level 5 of the Dungeon)
 f - a wand of flame (10)
   (You found it on level 6 of the Dungeon)
 m - a wand of charming (3)
   (You found it on level 1 of the Lair of Beasts)
 x - a wand of mindburst (8)
   (You found it on level 5 of the Dungeon)
 D - a wand of digging (26)
   (You found it on level 6 of the Dungeon)
 R - a wand of quicksilver (2)
   (You took it off an orc priest on level 10 of the Dungeon)
Scrolls
 j - 5 scrolls of fear
 k - a scroll of poison {!r}
 n - 2 scrolls of butterflies
 t - 8 scrolls of teleportation {@r4}
 w - a scroll of summoning
 E - a scroll of magic mapping
 K - 2 scrolls of noise {!r}
 M - 2 scrolls of blinking
Potions
 e - 2 potions of cancellation
 h - a potion of lignification {!q}
 l - 4 potions of heal wounds {@q2}
 o - 6 potions of ambrosia
 q - a potion of haste {@q3}
 u - a potion of might
 v - 2 potions of flight
 G - 2 potions of resistance
 H - 3 potions of mutation {!q}
 J - 3 potions of curing {@q1}
 T - a potion of invisibility
 X - 2 potions of attraction {!q}
Miscellaneous
 V - a lightning rod (2/4) {!a}
   (You found it on level 11 of the Dungeon)


   Skills:
 + Level 12.0 Fighting
 * Level 16.1 Axes
 * Level 9.1 Ranged Weapons
 + Level 1.8 Throwing
 - Level 2.4 Armour
 - Level 2.1 Dodging
 - Level 11.1 Shields
 + Level 8.1 Evocations


You had 12 spell levels left.
You didn't know any spells.
Your spell library was empty.

Dungeon Overview and Level Annotations

Branches:
Dungeon (12/15)            Temple (0/1) D:6            Lair (2/5) D:11
 Spider (0/4) Lair:2       Bailey (visited)
  Swamp: Lair:2-3    Shoals: Lair:2-3       Orc: D:9-12

Altars:
Ashenzari
Dithmenos
Gozag
Hepliaklqana
Kikubaaqudgha
Nemelex Xobeh
Ru
Sif Muna
Wu Jian
Xom
Yredelemnul
Zin
The Shining One

Shops:
D:6 ([*:

Annotations:
D:7 1 transporter, purpskrrrp's ghost, novice DsFi


Innate Abilities, Weirdness & Mutations

You have a pair of horns on your head.
You reflexively headbutt those who attack you in melee.


Message History

You hack one of the 12-headed hydra's heads off!
The 11-headed hydra grows two more!
You slash the 13-headed hydra!
Your +4 spectral battleaxe barely misses the 13-headed hydra.
A basilisk comes into view.
You hack one of the 13-headed hydra's heads off!
The 12-headed hydra grows two more!
You slice the 14-headed hydra!! You headbutt the 14-headed hydra!!
Your +4 spectral battleaxe hits the 14-headed hydra!
Your +4 spectral battleaxe slices one of the 14-headed hydra's heads off!
The 13-headed hydra grows two more!
The 15-headed hydra bites you. x2
The 15-headed hydra barely misses you. The 15-headed hydra bites you.
* * * LOW HITPOINT WARNING * * *
The 15-headed hydra bites you but does no damage.
The 15-headed hydra bites you!
* * * LOW HITPOINT WARNING * * *
The 15-headed hydra closely misses you. The 15-headed hydra bites you.
* * * LOW HITPOINT WARNING * * *
The 15-headed hydra bites you!
* * * LOW HITPOINT WARNING * * *
The 15-headed hydra bites you!
* * * LOW HITPOINT WARNING * * *
The 15-headed hydra bites you but does no damage. x2
The 15-headed hydra bites you!
* * * LOW HITPOINT WARNING * * *
The 15-headed hydra barely misses you. The 15-headed hydra bites you!
* * * LOW HITPOINT WARNING * * *
You slice one of the 15-headed hydra's heads off!
The 14-headed hydra grows two more!
You slash the 16-headed hydra! You slice the komodo dragon!!
An iguana comes into view.
The 16-headed hydra closely misses you. The 16-headed hydra misses you.
The 16-headed hydra bites you.
* * * LOW HITPOINT WARNING * * *
The 16-headed hydra bites you but does no damage.
The 16-headed hydra misses you. The 16-headed hydra barely misses you.
The 16-headed hydra bites you!
* * * LOW HITPOINT WARNING * * *
The 16-headed hydra bites you but does no damage.
The 16-headed hydra bites you.
* * * LOW HITPOINT WARNING * * *
The 16-headed hydra bites you!
* * * LOW HITPOINT WARNING * * *
The 16-headed hydra bites you but does no damage.
The 16-headed hydra bites you.
* * * LOW HITPOINT WARNING * * *
The 16-headed hydra bites you.
* * * LOW HITPOINT WARNING * * *
The 16-headed hydra bites you but does no damage.
The 16-headed hydra bites you!
You die...

....
....P.##.###.........
.........###..###.#..
.........##..#####...
....P....###...# ##.. .
........#.#...####...
... ####.......####.#..
....##.#.†.####..#.†....
...#...#l.## #......#..
......(@#.....#...#.....
.l..###D#.....###....###
# .l..##.## .....#
#..... .....P....#
###... P..~~~.... ##...
.~~~~......
.#...~~~~~~~.... .l~~


You could see a 16-headed hydra, 2 komodo dragons, a basilisk, an iguana
(distracted) and a friendly +4 spectral battleaxe (summoned).

Vanquished Creatures
  A tengu reaver (D:11)
  Fannar (D:11)
  2 hydras
  An ogre mage (D:11)
  A centaur warrior (D:11)
  Erica (Lair:1)
  A death knight (D:11)
  2 two-headed ogres
  A fire crab (D:11)
  2 orc knights (Bailey)
  An orc sorcerer (Bailey)
  4 elephants (Lair:1)
  A black mamba (Lair:2)
  A cane toad (Lair:1)
  4 kobold demonologists
  4 trolls
  2 hornets
  A queen bee (D:10)
  4 blink frogs (Lair:2)
  3 culicivoras (Lair:2)
  2 wyverns
  26 yaks
  A wraith (D:11)
  A basilisk (Lair:1)
  A steam dragon (D:9)
  3 vampire mosquitoes (D:8)
  2 acid dragons (D:10)
  7 water moccasins
  A sky beast (D:8)
  2 black bears (D:6)
  17 orc warriors
  An ice beast (D:6)
  8 ogres
  3 centaurs
  5 phantoms
  19 kobold brigands
  7 bullfrogs
  3 necrophages
  2 scorpions (D:6)
  A gnoll sergeant (D:5)
  8 wights
  32 killer bees
  A vampire bat (D:9)
  3 howler monkeys
  6 electric eels (Bailey)
  3 jellies
  2 orc priests
  2 gnoll boudas (D:6)
  5 hounds
  12 iguanas
  2 scorpion zombies (D:4)
  8 orc wizards
  A howler monkey zombie (D:4)
  19 gnolls
  16 adders
  An ufetubus (D:6)
  2 adder zombies (D:4)
  3 worms
  4 dart slugs
  26 orcs
  6 ball pythons
  3 bat skeletons (D:9)
  2 bat zombies (D:9)
  6 endoplasms
  4 giant cockroaches
  9 goblins
  16 hobgoblins
  6 jackals
  29 kobolds
  2 quokkas
  3 bats
  4 frilled lizards
  4 rats
400 creatures vanquished.

Vanquished Creatures (collateral kills)
  3 wights (D:10)
3 creatures vanquished.

Vanquished Creatures (others)
  2 kobolds (D:9)
  A fungus (Lair:2)
  5 plants
8 creatures vanquished.

Grand Total: 411 creatures vanquished

Notes
Turn   | Place    | Note
-------+----------+-------------------------------------------
     0 | D:1      | Pooter the Minotaur Berserker began the quest for the Orb.
     0 | D:1      | Reached XP level 1. HP: 19/19 MP: 0/0
   138 | D:1      | Reached skill level 4 in Axes
   207 | D:1      | Reached XP level 2. HP: 26/27 MP: 1/1
   344 | D:1      | Reached skill level 1 in Shields
   842 | D:2      | Reached XP level 3. HP: 25/33 MP: 2/2
   951 | D:2      | Reached skill level 5 in Axes
   951 | D:2      | Reached XP level 4. HP: 41/41 MP: 3/3
  1266 | D:2      | Reached ** piety under Trog
  1899 | D:3      | Reached XP level 5. HP: 42/47 MP: 4/4
  2026 | D:3      | Found a faded altar of an unknown god.
  2313 | D:3      | Found an ornate altar of the Wu Jian Council.
  2462 | D:4      | Noticed a phantom
  2559 | D:4      | Reached skill level 6 in Axes
  2570 | D:4      | Noticed an ogre
  2576 | D:4      | Killed an ogre
  2577 | D:4      | Reached skill level 5 in Fighting
  2577 | D:4      | Reached XP level 6. HP: 56/56 MP: 5/5
  2831 | D:4      | Reached skill level 7 in Axes
  2901 | D:4      | Found a basalt altar of Yredelemnul.
  2911 | D:4      | Reached XP level 7. HP: 62/62 MP: 6/6
  3179 | D:4      | Reached skill level 1 in Evocations
  3553 | D:5      | Entered Level 5 of the Dungeon
  3623 | D:5      | Reached skill level 8 in Axes
  3740 | D:5      | Found a transporter.
  3741 | D:5      | Found a broken altar of Ashenzari.
  3741 | D:5      | Noticed a hornet
  3856 | D:5      | Reached skill level 5 in Shields
  3856 | D:5      | Reached XP level 8. HP: 71/71 MP: 7/7
  4034 | D:5      | Found a glowing golden altar of the Shining One.
  4586 | D:5      | Found a transporter.
  4640 | D:5      | Reached skill level 9 in Axes
  4764 | D:5      | Reached *** piety under Trog
  5715 | D:6      | Reached skill level 10 in Axes
  5721 | D:6      | Reached XP level 9. HP: 79/79 MP: 8/8
  5818 | D:6      | Found Qawudd's Book Boutique.
  6698 | D:6      | Found Vofotuo's Assorted Antiques.
  6705 | D:6      | Bought an ancient silver ring for 160 gold pieces
  6705 | D:6      | Identified the ring "Calim" {rElec rPois Dex-4 SInv} (You
                  | bought it in a shop on level 6 of the Dungeon)
  6705 | D:6      | Bought 2 scrolls of identify for 128 gold pieces
  6733 | D:6      | Found a staircase to the Ecumenical Temple.
  6787 | D:6      | Found Saxujytigit's Antique Weapon Shop.
  6832 | D:6      | Found a hazy altar of Hepliaklqana.
  6845 | D:6      | Found Qitoesh's Antique Armour Boutique.
  7465 | D:7      | Found a shimmering altar of Xom.
  7713 | D:7      | Reached skill level 11 in Axes
  7796 | D:7      | Found a shimmering blue altar of Sif Muna.
  7816 | D:7      | Noticed a troll
  7822 | D:7      | Killed a troll
  7866 | D:7      | Found a transporter.
  7877 | D:7      | Noticed purpskrrrp's ghost (novice DsFi)
  7877 | D:7      | Noticed a two-headed ogre
  7971 | D:7      | Found an opulent altar of Gozag.
  8265 | D:7      | Found a sparkling altar of Nemelex Xobeh.
  8324 | D:7      | Noticed a troll
  8674 | D:7      | Found a shimmering altar of Xom.
  8693 | D:7      | Killed a troll
  8901 | D:8      | Reached XP level 10. HP: 90/90 MP: 9/9
  8942 | D:8      | Reached skill level 12 in Axes
  8942 | D:8      | Reached skill level 5 in Evocations
  9158 | D:8      | Noticed a two-headed ogre
  9166 | D:8      | Killed a two-headed ogre
  9611 | D:9      | Reached skill level 13 in Axes
  9633 | D:9      | Found a flagged portal.
  9834 | Bailey   | Entered a bailey
  9969 | Bailey   | Noticed an orc knight
  9972 | Bailey   | Reached skill level 1 in Ranged Weapons
  9975 | Bailey   | Killed an orc knight
 10333 | Bailey   | Reached XP level 11. HP: 99/99 MP: 10/10
 10335 | Bailey   | Reached skill level 10 in Fighting
 10699 | Bailey   | Found an iron altar of Okawaru.
 10706 | Bailey   | Noticed an orc sorcerer
 10718 | Bailey   | Killed an orc sorcerer
 10977 | Bailey   | Noticed an orc knight
 10992 | Bailey   | Killed an orc knight
 11139 | Bailey   | Acquired the +1 broad axe "Ultimatum" {vorpal, Int+2
                  | Stlth+}
 11142 | Bailey   | Acquired the +0 pair of gloves of Keas {Regen+ Dex+4}
 11278 | D:9      | Found a shadowy altar of Dithmenos.
 11370 | D:9      | Found a glowing silver altar of Zin.
 11624 | D:9      | Found an ancient bone altar of Kikubaaqudgha.
 11698 | D:10     | Entered Level 10 of the Dungeon
 11718 | D:10     | Reached skill level 14 in Axes
 12247 | D:10     | Reached skill level 5 in Ranged Weapons
 12814 | D:10     | Found a sacrificial altar of Ru.
 12816 | D:10     | Reached **** piety under Trog
 12977 | D:6      | Bought a pair of encrusted boots for 247 gold pieces
 12977 | D:6      | Identified the +2 pair of boots of Haclaed {rElec Str+3}
                  | (You bought it in a shop on level 6 of the Dungeon)
 13400 | D:11     | Reached skill level 10 in Shields
 13400 | D:11     | Noticed a two-headed ogre
 13408 | D:11     | Killed a two-headed ogre
 13536 | D:11     | Acquired 682 gold pieces
 13545 | D:11     | You fall into a shaft and drop 1 floor!
 13581 | D:11     | Reached XP level 12. HP: 107/108 MP: 11/11
 13647 | D:11     | Found a runed translucent door.
 13647 | D:11     | Noticed an ogre mage
 13652 | D:11     | Killed an ogre mage
 13670 | D:11     | Noticed a death knight
 13679 | D:11     | Killed a death knight
 13726 | D:11     | Noticed a centaur warrior
 13731 | D:11     | Killed a centaur warrior
 13732 | D:11     | Reached skill level 15 in Axes
 13733 | D:11     | Noticed a tengu reaver
 13743 | D:11     | Killed a tengu reaver
 13803 | D:11     | Noticed a seven-headed hydra
 13810 | D:11     | Killed a 13-headed hydra
 14016 | D:11     | Noticed Fannar
 14022 | D:11     | Killed Fannar
 14130 | D:11     | Found a staircase to the Lair.
 14407 | Lair:1   | Entered Level 1 of the Lair of Beasts
 14504 | Lair:1   | Noticed Erica
 14509 | Lair:1   | Killed Erica
 15318 | Lair:2   | Found a hole to the Spider Nest.
 15347 | Lair:2   | Reached skill level 1 in Throwing
 15399 | Lair:2   | Reached skill level 16 in Axes
 15444 | Lair:2   | Reached XP level 13. HP: 107/117 MP: 12/12
 15620 | Lair:2   | HP: 8/177 [16-headed hydra (5)]
 15620 | Lair:2   | Slain by a 16-headed hydra

Illustrated notes

Levels and vault maps discovered:
D:1:      onia_arrival_pentagram, layout_basic, minmay_cupped
D:2:      layout_loops_ring, cheibrodos_gnoll_hut
D:3:      layout_basic, mainiacjoe_overflow_surrounded_room,
          ebering_ecumenical_altar_ruins
D:4:      layout_basic, nicolae_yredelemnul_corpse_copse, minmay_diced_spiral
D:5:      layout_basic, nicolae_tso_carved_into_rock,
          gammafunk_temple_overflow_arena
D:6:      minmay_thinvault, layout_basic, mainiacjoe_overflow_catwalk,
          minmay_temple_entry_overgrown, serial_shops,
          nicolae_shop_window_shopping, nicolae_stop_n_shop_2,
          nicolae_lakefront_shop, nicolae_shop_trees,
          chequers_serial_rivers_micro_b, hangedman_decor_clover_reticule,
          minmay_misc_feat_rows, corexii_corridor_pit, hangedman_decor_slide_cut
D:7:      layout_loops_cross, led_sif_pool, kennysheep_mini,
          mainiacjoe_overflow_chevrons, gammafunk_ghost_smash,
          hangedman_feature_mirror, minmay_misc_feat_hallway
D:8:      nicolae_BIG_FREAKIN_CUBE, layout_rooms
D:9:      layout_cross, mainiacjoe_overflow_cross_hatched,
          kennysheep_vampire_church, nicolae_dithmenos_through_a_glass_darkly,
          enter_bailey_2
D:10:     layout_gridville, nicolae_ru_great_annihilating_truth, special_room
          [special_room_bee]
D:11:     layout_roguey [special_room_kobold], lair_entry_dummy, minivault_13,
          uniq_fannar
D:12:     layout_basic, david_orc_5
Lair:1:   layout_gridlike, uniq_erica
Lair:2:   beast_lair_carwin_large_4, layout_gridlike, swamp_mist,
          hellmonk_spider_entry_life_and_decay, st_stairs_8

Skill      XL: |  1  2  3  4  5  6  7  8  9 10 11 12 13 |
---------------+----------------------------------------+-----
Axes           | 4 5 6 7 8 10 11 13 14 16 | 16.1
Shields        | 1 2 3 4 5 6 7 9 10 11 | 11.1
Fighting       | 4 5 6 7 8 9 10 11 12 | 12.0
Evocations     | 1 3 4 6 7 8 |  8.1
Ranged Weapons | 2 6 8 9 |  9.1
Throwing       | 1 |  1.8
Armour         | |  2.4
Dodging        | |  2.1

Action                   |  1- 3 |  4- 6 |  7- 9 | 10-12 | 13-15 || total
-------------------------+-------+-------+-------+-------+-------++-------
Melee: Hand axe          |    32 |       |    31 |       |       ||    63
       Headbutt          |     2 |    15 |    42 |    62 |     6 ||   127
       Spear             |    12 |   134 |   134 |       |       ||   280
       Trident           |       |       |   117 |    11 |       ||   128
       War axe           |       |       |       |    84 |       ||    84
       Broad axe         |       |       |       |   122 |       ||   122
       Battleaxe         |       |       |       |   201 |    23 ||   224
 Fire: Shortbow          |       |       |       |    10 |       ||    10
       Longbow           |       |       |       |    25 |     7 ||    32
Throw: Dart              |     1 |     4 |     3 |    23 |       ||    31
       Stone             |       |       |    15 |       |       ||    15
       Boomerang         |       |       |    25 |    10 |       ||    35
Invok: Berserk           |     1 |     3 |    13 |    23 |     1 ||    41
       Trog's Hand       |       |     1 |     9 |    15 |       ||    25
Evoke: Wand              |       |       |    17 |    11 |       ||    28
       Lightning rod     |       |       |       |     4 |       ||     4
  Use: Scroll            |     1 |     1 |    15 |    17 |       ||    34
       Potion            |       |       |     5 |     8 |       ||    13
 Stab: Paralysed         |       |       |       |     1 |       ||     1
Armor: Animal skin       |     5 |       |       |       |       ||     5
       Scale mail        |     1 |    27 |    45 |       |       ||    73
       Chain mail        |       |       |    13 |     4 |       ||    17
       Troll leather arm |       |       |     3 |       |       ||     3
       Plate armour      |       |       |       |   302 |    25 ||   327
Dodge: Dodged            |    22 |    22 |    61 |   162 |    19 ||   286
Block: Kite shield       |    11 |    25 |   106 |   152 |       ||   294
       Other             |       |       |       |    53 |     5 ||    58
       Reflection        |       |       |       |     5 |       ||     5

Table legend: (Time is in decaauts)
 A = Elapsed time spent in this place.
 B = Non-inter-level travel time spent in this place.
 C = Inter-level travel time spent in this place.
 D = Time resting spent in this place.
 E = Time spent auto-exploring this place.
 F = Levels seen in this place.
 G = Mean time per level.
                   A        B        C        D        E       F      G
               +--------+--------+--------+--------+--------+-----+--------+
         Total |  16010 |  15220 |    790 |   4312 |   8086 |  15 | 1067.3 |
       Dungeon |  13329 |  12567 |    762 |   3496 |   6871 |  12 | 1110.8 |
          Lair |   1224 |   1197 |     27 |    120 |    824 |   2 |  612.0 |
        Bailey |   1457 |   1457 |      0 |    695 |    390 |   1 | 1457.0 |
               +--------+--------+--------+--------+--------+-----+--------+

Top non-repeatable levels by time:
     D:6: 2235 daAuts
     D:5: 1790 daAuts
     D:7: 1539 daAuts
  Bailey: 1457 daAuts
    D:10: 1288 daAuts
     D:4: 1091 daAuts
    D:11: 1048 daAuts
     D:2: 1037 daAuts
     D:8: 925 daAuts
  Lair:1: 887 daAuts
     D:9: 877 daAuts
     D:1: 795 daAuts
     D:3: 688 daAuts
  Lair:2: 336 daAuts
    D:12: 12 daAuts
